 Dungeon Crawl Stone Soup version 0.24.1 (webtiles) character file.

Game seed: 11609249365768008253, levelgen mode: deterministic

286 miau the Conjurer (level 6, -12/39 HPs)
             Began as an Octopode Conjurer on Mar 22, 2020.
             Shot with an arrow by a centaur (13 damage)
             ... on level 4 of the Dungeon on Mar 23, 2020.
             The game lasted 00:31:01 (4681 turns).

miau the Conjurer (Octopode Conjurer)               Turns: 4681, Time: 00:31:01

Health: -12/39     AC:  3    Str:  7 (10) XL:     6   Next: 30%
Magic:  3/12       EV: 13    Int: 16 (17) God:
Gold:   197        SH:  0    Dex: 11 (12) Spells: 3/13 levels left

rFire    . . .     SeeInvis .     - Unarmed
rCold    . . .     Gourm    .   (no shield)
rNeg     . . .     Faith    .   (helmet restricted)
rPois    .         Spirit   .   f - amulet of harm
rElec    .         Reflect  .   j - +2 ring of protection
rCorr    .         Harm     +   (no ring)
MR       .....                  (no ring)
Stlth    +++.......             (no ring)
HPRegen  0.13/turn              (no ring)
MPRegen  0.13/turn              (no ring)
                                (no ring)
                                (no ring)

@: no status effects
A: almost no armour, stealthy swim, amphibious, 8 rings, constrict 8, camouflage
1, gelatinous body 1
a: no special abilities


You were on level 4 of the Dungeon.
You were not hungry.

You visited 1 branch of the dungeon, and saw 4 of its levels.

You collected 197 gold pieces.

Inventory:

Missiles
 c - 73 stones (quivered)
Jewellery
 f - an amulet of harm (around mantle)
 j - a +2 ring of protection (left tentacle)
Scrolls
 a - 4 scrolls of identify
 d - a scroll of random uselessness
 e - a scroll of teleportation
 g - a scroll of enchant armour
 i - a scroll of amnesia
Comestibles
 b - 7 rations


   Skills:
 * Level 1.9 Fighting
 + Level 0.5 Throwing
 + Level 2.2 Dodging
 + Level 3.0 Stealth
 + Level 1.2 Unarmed Combat
 * Level 4.0 Spellcasting
 + Level 5.2 Conjurations


You had 3 spell levels left.
You knew the following spells:

 Your Spells              Type           Power        Failure   Level  Hunger
a - Iskenderun's Mystic   Conj           ###.....     19%         4    ####...
c - Dazzling Spray        Conj/Hex       ##....       17%         3    ###....
x - Searing Ray           Conj           ###...       3%          2    ##.....
z - Magic Dart            Conj           ###.         1%          1    None

Your spell library contained the following spells:

 Spells                   Type           Power        Failure   Level  Hunger
 Force Lance              Conj/Tloc      ##......     50%         4    ####...
 Fulminant Prism          Conj/Hex       ##........   50%         4    ####...


Dungeon Overview and Level Annotations

Branches:
Dungeon (4/15)
 Temple: D:4-7

Altars:
Fedhas
Gozag


Innate Abilities, Weirdness & Mutations

You cannot wear most types of armour.
You are very stealthy in the water. (Stealth+)
You are amphibious.
You can wear up to eight rings at the same time.
You can use your tentacles to constrict eight enemies at once.
Your skin changes colour to match your surroundings (Stealth+).
Your rubbery body absorbs attacks. (AC +1, EV +1)


Message History

The centaur wields a +0 shortbow.
The centaur shoots an arrow.
The arrow closely misses you.
Casting: Magic Dart (safe; 1% risk of failure)
Confirm with . or Enter, or press ? or * to list all spells.
Aiming: Magic Dart (safe; 1% risk of failure)
Press: ? - help, Shift-Dir - straight line, f/p - centaur
Aim: a centaur, wielding a +0 shortbow (severely wounded)
Okay, then.
You tentacle-slap the bush but do no damage.
The centaur shoots an arrow.
The arrow hits you!
The centaur shoots an arrow.
The arrow hits you!
The centaur unwields a +0 shortbow.
The centaur hits the bush.
The centaur wields a +0 shortbow.
The centaur shoots an arrow.
The arrow hits you!
* * * LOW HITPOINT WARNING * * *
You see here an arrow.
The centaur shoots an arrow.
The arrow hits you.
* * * LOW HITPOINT WARNING * * *
The centaur shoots an arrow.
The arrow hits you!
You die...

#.......#.....'..........#.......
#.......#.....#......†...#.......
#.......#######..........#.......
#.........#...####'#.....#.......
..........#....#...#.....#.......
....<.....#....#...#...>.#.......
..........+.#..#...#.....+.......
...............#...#.....#.......
.########.P,P.P#@..#.....#,,.....
.# *,,,P.PcP..(.#,,,,,*,,,,... .#
*,*,,P_PP#...#,,,,,*,,,,,.. .#
*,,,,,PP.(...#,,,,,*,,,,,,, .#
*,,,,PP......#,,,,,*,,,,,,, .#
*,..........(#,,,,,*,,,,,,, ,*
**#####...####,,,,,******** **
##### *******


You could see a centaur.

Vanquished Creatures
  A howler monkey (D:4)
  A hound (D:3)
  A bullfrog skeleton (D:4)
  Terence (D:2)
  Robin (D:2)
  5 adders
  2 worms
  A dart slug (D:1)
  8 leopard geckos
  A ball python (D:3)
  4 giant cockroaches
  16 goblins
  11 hobgoblins
  10 jackals
  4 quokkas
  9 bats
  2 frilled lizards
  5 kobolds
  A leopard gecko zombie (D:3)
  A quokka skeleton (D:4)
  5 rats
90 creatures vanquished.

Notes
Turn   | Place    | Note
-------+----------+-------------------------------------------
     0 | D:1      | miau the Octopode Conjurer began the quest for the Orb.
     0 | D:1      | Reached XP level 1. HP: 11/11 MP: 3/3
   135 | D:1      | Reached XP level 2. HP: 4/17 MP: 1/5
   848 | D:1      | Learned a level 2 spell: Searing Ray
   885 | D:1      | Reached XP level 3. HP: 22/22 MP: 3/6
  1568 | D:2      | Reached XP level 4. HP: 27/27 MP: 1/7
  1573 | D:2      | Learned a level 3 spell: Dazzling Spray
  1683 | D:2      | Noticed Robin
  1784 | D:2      | You fall into a shaft and drop 1 floor!
  1875 | D:3      | Reached skill level 1 in Fighting
  1947 | D:3      | Found a faded altar of an unknown god.
  2331 | D:2      | Killed Robin
  2355 | D:2      | Reached skill level 5 in Conjurations
  2382 | D:2      | HP: 1/28 [hobgoblin[Robin] (6)]
  2389 | D:2      | HP: 1/28 [goblin/+0 club[Robin] (1)]
  2455 | D:2      | Reached XP level 5. HP: 8/33 MP: 3/10
  2866 | D:2      | Found an opulent altar of Gozag.
  3257 | D:2      | Noticed Terence
  3267 | D:2      | Killed Terence
  3989 | D:4      | Learned a level 4 spell: Iskenderun's Mystic Blast
  4231 | D:4      | Reached skill level 1 in Unarmed Combat
  4231 | D:4      | Reached XP level 6. HP: 39/39 MP: 3/11
  4666 | D:4      | Found a blossoming altar of Fedhas.
  4681 | D:4      | HP: 1/39 [centaur/arrow (3)]
  4681 | D:4      | Shot with an arrow by a centaur

Levels and vault maps discovered:
D:1:      scummos_arrival_star, layout_basic
D:2:      layout_basic, overflow_temple_1_default,
          hangedman_abyss_or_decor_lesser_grid, uniq_robin, uniq_terence
D:3:      layout_basic, chequers_ecumenical_altar_simple_redux
D:4:      layout_gridville, lemuel_blue_sif_altar, fedhas_bush_and_centaur_altar

Skill      XL: |  1  2  3  4  5  6 |
---------------+-------------------+-----
Fighting       | 1 |  1.9
Spellcasting   | 3 4 |  4.0
Conjurations   | 5 |  5.2
Unarmed Combat | 1 |  1.2
Stealth        | 3 |  3.0
Throwing       | |  0.5
Dodging        | |  2.2

Action                   |  1- 3 |  4- 6 || total
-------------------------+-------+-------++-------
Melee: Unarmed           |    17 |    53 ||    70
       Tentacles         |     5 |     7 ||    12
       Constrict         |     4 |    17 ||    21
Throw: Stone             |    13 |    51 ||    64
 Cast: Magic Dart        |    54 |    88 ||   142
       Searing Ray       |     2 |     8 ||    10
       Dazzling Spray    |       |     4 ||     4
  Use: Scroll            |     4 |     4 ||     8
       Potion            |     3 |     4 ||     7
  Eat: Chunk             |     2 |    11 ||    13
Armor: Skin              |     1 |     8 ||     9
Dodge: Dodged            |    15 |    54 ||    69
